AoeStats
← [Massa] Edo

Arena

507365822Analyzed
2v2 RM · 13d ago on Sep 17, 2026· 63m 38s· 4 players
Game mode
Random Map
Map size
Medium (4 player)
Population
200
Speed
Normal
Resources
Standard
Victory
Conquest
Starting age
Dark Age
Ending age
Imperial Age
RankedLock teamsTeams togetherTeam positionsShared explorationLock speedFull tech treeHidden civsTurbo modeCheats
Victory
Defeat
🇧🇷 Chinese · Brazil
1494
+17
🇳🇱 Burgundians · Netherlands
1484
+17
🇺🇸 Vikings · United States
1553
-19
🇺🇸 Jurchens · United States
1465
-15
Luukjes
3:31 Double-Bit Axe
10:04 Feudal Age
13:47 Castle Age
13:16 Bow Saw
14:03 Bow Saw
14:48 Horse Collar
21:25 Loom
28:29 Imperial Age
26:38 Padded Archer Armor
27:15 Stone Mining
27:32 Heavy Plow
27:29 Gold Mining
28:47 Leather Archer Armor
30:57 Chemistry
33:04 Wheelbarrow
35:47 Capped Ram
36:28 Elite Skirmisher
41:27 Scale Mail Armor
41:37 Forging
41:12 Pikeman
42:43 Squires
43:41 Fletching
44:13 Chain Mail Armor
44:34 Iron Casting
45:22 Hand Cart
45:05 Bodkin Arrow
45:22 Town Watch
46:47 Plate Mail Armor
47:34 Bracer
47:59 Pikeman
50:53 Conscription
50:57 Halberdier
53:46 Blast Furnace
60:08 Fortified Wall
[Massa] Edo
0:26 Loom
10:55 Feudal Age
14:54 Castle Age
13:04 Double-Bit Axe
14:30 Horse Collar
16:14 Fletching
20:55 Bodkin Arrow
25:04 Wheelbarrow
29:02 Imperial Age
27:24 Ballistics
27:22 Padded Archer Armor
28:00 Bow Saw
27:43 Gold Mining
28:29 Heavy Plow
29:13 Gold Shaft Mining
29:22 Murder Holes
32:05 Two-Man Saw
31:08 Heavy Plow
31:25 Fortified Wall
37:27 Stone Mining
37:54 Leather Archer Armor
38:01 Bracer
39:04 Stone Shaft Mining
39:44 Ring Archer Armor
40:19 Chemistry
39:35 Masonry
39:50 Thumb Ring
41:03 Hand Cart
41:22 Conscription
43:12 Elite Chu Ko Nu
45:03 Scale Mail Armor
45:13 Forging
46:06 Chain Mail Armor
45:36 Pikeman
46:16 Squires
46:09 Halberdier
47:47 Iron Casting
48:00 Plate Mail Armor
49:12 Architecture
52:29 Blast Furnace
51:25 Elite Skirmisher
53:32 Arson
55:02 Caravan
55:42 Coinage
60:28 Banking
60:41 Scale Barding Armor
62:02 Chain Barding Armor
62:42 Husbandry
62:02 Cavalier
62:53 Bloodlines
63:19 Plate Barding Armor
TheHairlessBear
10:50 Feudal Age
12:06 Horse Collar
12:15 Double-Bit Axe
14:58 Castle Age
13:12 Horse Collar
16:25 Bow Saw
16:24 Town Watch
19:25 Loom
34:43 Imperial Age
34:01 Scale Mail Armor
34:10 Scale Barding Armor
34:16 Forging
34:32 Gold Mining
34:35 Stone Mining
35:46 Chain Barding Armor
36:25 Iron Casting
36:17 Conscription
37:30 Plate Barding Armor
39:55 Blast Furnace
40:55 Elite Iron Pagoda
42:45 Husbandry
43:02 Bloodlines
54:07 Heavy Scorpion
55:28 Padded Archer Armor
57:12 Guilds
56:59 Elite Skirmisher
59:11 Fletching
59:37 Leather Archer Armor
60:50 Bodkin Arrow
61:59 Bracer
Boomer
11:35 Feudal Age
12:37 Double-Bit Axe
15:27 Castle Age
13:33 Loom
13:35 Horse Collar
14:29 Scale Mail Armor
16:24 Bow Saw
17:19 Squires
19:12 Arson
20:34 Forging
23:57 Chain Mail Armor
24:03 Town Watch
24:54 Iron Casting
28:17 Gold Mining
33:10 Imperial Age
32:20 Fletching
34:54 Chemistry
33:18 Crossbowman
33:55 Arbalester
34:31 Bodkin Arrow
34:58 Ballistics
35:22 Bracer
35:23 Padded Archer Armor
36:38 Siege Engineers
38:44 Bogsveigar
41:18 Hoardings
41:19 Conscription
40:46 Capped Ram
44:30 Two-Man Saw
43:38 Heavy Plow
45:27 Leather Archer Armor
45:43 Plate Mail Armor
46:14 Blast Furnace
48:21 Masonry
48:23 Fortified Wall
47:36 Onager
50:33 Ring Archer Armor
50:35 Coinage
53:36 Banking
53:42 Siege Ram
57:34 Caravan
61:11 Elite Skirmisher
Connection lost

Rejoining the realm…

Still unreachable

The connection could not be restored.

Session expired

The server has moved on; the page needs a fresh start.